 Dungeon Crawl Stone Soup version 0.28-b1-70-g80dc712255 (webtiles) character file.

Game seed: 189197894378749697

1898 tizbic2 the Covered (level 9, -15/35 (42) HPs)
             Began as a Vine Stalker Artificer on Feb 3, 2022.
             Was an Elder of Wu Jian.
             Demolished by an orc knight (25 damage)
             ... in a bailey.
             The game lasted 00:48:43 (7151 turns).

tizbic2 the Covered (Vine Stalker Artificer)        Turns: 7151, Time: 00:48:43

HP:   -15/35 (42)   AC:  9    Str: 14    XL:     9   Next: 15%
MP:   0/14          EV: 12    Int: 19    God:    Wu Jian [****..]
Gold: 336           SH:  0    Dex: 18    Spells: 10/13 levels left

rFire   x . .      SeeInvis .   J - +2 halberd (drain)
rCold   + . .      Faith    .   (shield currently unavailable)
rNeg    . . .      Spirit   +   v - +1 ring mail
rPois   .          Reflect  .   (no helmet)
rElec   .          Harm     .   z - +1 cloak
rCorr   .          Rampage  .   (no gloves)
Will    +....                   (no boots)
Stlth   +.........              (no amulet)
HPRegen 0.91/turn               i - ring of ice
MPRegen 0.14/turn               E - +6 ring of intelligence

@: heavily drained
A: fangs 3, regeneration 1, magic shield, antimagic bite, no potion heal 2
a: Renounce Religion, Wall Jump, Serpent's Lash


You were in a bailey.
You worshipped Wu Jian.
Wu Jian was greatly pleased with you.
You visited 1 branch of the dungeon, and saw 7 of its levels.
You also visited: Sewer and Bailey.

You collected 336 gold pieces.

Inventory:

Hand Weapons
 q - a +0 quarterstaff
 w - a +0 hunting sling
 y - a +2 halberd of electrocution
 B - a +2 dagger of venom
 J - a +2 halberd of draining (weapon)
Missiles
 a - 5 boomerangs
 f - 34 sling bullets
 g - 80 arrows
 h - 80 bolts
 j - 175 stones
 n - 5 poisoned darts (quivered)
Armour
 v - a +1 ring mail (worn)
 z - a +1 cloak (worn)
Jewellery
 i - a ring of ice (left hand)
 E - a +6 ring of intelligence (right hand)
Wands
 c - a wand of flame (6)
 d - a wand of charming (13)
 x - a wand of mindburst (3)
 C - a wand of polymorph (4)
 D - a wand of digging (4)
 F - a wand of iceblast (8)
Scrolls
 k - a scroll of fear
 l - 3 scrolls of teleportation
 s - a scroll of magic mapping
 u - a scroll of blinking
Potions
 b - 2 potions of mutation {unknown}
 m - 3 potions of magic {unknown}
 o - a potion of might
 p - a potion of experience {unknown}
 t - 2 potions of curing {unknown}
 A - 2 potions of lignification {unknown}
 G - 2 potions of degeneration {unknown}
 H - 2 potions of flight {unknown}
 I - a potion of invisibility
Miscellaneous
 e - a piece from Xom's chessboard (15/15)


   Skills:
 - Level 2.1 Fighting
 - Level 1.5(3.0) Maces & Flails
 + Level 4.1(4.2) Staves
 + Level 3.2 Slings
 * Level 4.3 Armour
 + Level 3.2 Dodging
 - Level 1.2 Stealth
 - Level 3.2 Unarmed Combat
 + Level 2.8 Spellcasting
 * Level 3.8 Summonings
 - Level 3.6 Evocations


You had 10 spell levels left.
You knew the following spells:

 Your Spells              Type           Power      Damage    Failure   Level
a - Call Canine Familiar  Summ           17%        N/A       19%         3

Your spell library contained the following spells:

 Spells                   Type           Power      Damage    Failure   Level
 Summon Small Mammal      Summ           68%        N/A       6%          1
 Summon Guardian Golem    Hex/Summ       9%         N/A       38%         3
 Gell's Gravitas          Tloc           2%         N/A       65%         3
 Teleport Other           Tloc           2%         N/A       65%         3
 Dispersal                Tloc           1%         N/A       100%        6


Dungeon Overview and Level Annotations

Branches:
Dungeon (7/15)             Temple (0/1) D:6           Sewer (visited)
 Bailey (1/1)

Altars:
Wu Jian


Innate Abilities, Weirdness & Mutations

You have razor-sharp teeth.
Your natural rate of healing is unusually fast.
When hurt, damage is shared between your health and your magic reserves.
Your bite disrupts and absorbs the magic of your enemies.
Potions cannot restore your health.


Message History

The orc knight is moderately wounded.
Throw: 7 darts (poison)
Press: ? - help, Q - select action, (/) - cycle Shift-Dir - straight line, f/p - orc knight
Aim: an orc knight, wielding a +0 halberd (moderately wounded, extremely poisoned, slow, 51% to hit)
You throw a poisoned dart. The poisoned dart hits the orc knight.
The orc knight looks as sick as possible!
The orc knight is moderately wounded.
Casting: Call Canine Familiar (quite dangerous; 19% risk of failure)
Confirm with . or Enter, or press ? or * to list all spells.
The spell is quite dangerous to miscast (19% risk of failure)!
Continue anyway?
The orc knight is no longer moving slowly.
There is an open door, spattered with blood here.
You swap places.
The orc knight hits your hound with a +0 halberd!!
Your hound dies!
Your hound's corpse disappears in a puff of smoke!
There is an open door here.
There is a gate leading back out of this place here.
Throw: 6 darts (poison)
Press: ? - help, Q - select action, (/) - cycle Shift-Dir - straight line, f/p - orc knight
Aim: an orc knight, wielding a +0 halberd (heavily wounded, very poisoned, 51% to hit)
You throw a poisoned dart. The poisoned dart hits the orc knight.
The orc knight looks as sick as possible!
The orc knight is heavily wounded.
You lunge at the orc knight.
You hit the orc knight but do no damage.
You drain the orc knight.
The orc knight is heavily wounded.
The orc knight hits you but does no damage.
You barely miss the orc knight. You bite the orc knight! You drain its power.
You feel invigorated.
The orc knight is severely wounded.
The orc knight hits you with a +0 halberd!!
The orc knight barely misses you.
You spin to attack the orc knight, but your attack speed is too slow for a blow to land.
The orc knight hits you with a +0 halberd!
* * * LOW HITPOINT WARNING * * *
The orc knight hits you from afar with a +0 halberd!!
Ouch! That really hurt!
You die...

### ### #####
#∩###)###.')##
##'##'##'###'##+##+
##.....## ##.....#
###.....# ###.(...#
#.'..o..+ #)'..(..+
###.....# ###.....#
##..@..## ##....(##
##'##'##'###'##+##(##
#.###)###.#)## ##.#
### ### ##### ### #'#
#.#.# #.###.# '#
#'##'##'## ! #..).g##
.! ###.....### !.⌠
#.'..⌠..')#


You could see an orc knight (very poisoned, drained).

Vanquished Creatures
  Sigmund (D:2)
  A nameless horror (Bailey)
  A water moccasin (D:6)
  An orc warrior (D:5)
  2 sky beasts (D:6)
  A black bear (D:5)
  An ogre (D:4)
  2 phantoms
  3 kobold brigands (Sewer)
  A water moccasin zombie (D:5)
  2 scorpions (D:5)
  A howler monkey (D:7)
  A centaur zombie (D:5)
  A hound (D:5)
  3 jellies
  Jessica (D:2)
  3 iguanas
  An orc wizard (D:5)
  A killer bee zombie (D:6)
  A hound zombie (D:5)
  5 gnolls (Bailey)
  8 adders
  4 river rats
  A shadow imp (D:7)
  An ufetubus (D:5)
  4 worms
  2 dart slugs
  8 orcs
  10 ball pythons
  11 endoplasms
  4 giant cockroaches
  11 goblins
  8 hobgoblins
  2 jackals (D:1)
  12 kobolds
  4 quokkas
  7 bats
  4 frilled lizards
  11 rats
146 creatures vanquished.

Vanquished Creatures (collateral kills)
  A white imp (D:6)
1 creature vanquished.

Vanquished Creatures (others)
  A quokka (D:1)
1 creature vanquished.

Grand Total: 148 creatures vanquished

Notes
Turn   | Place    | Note
-------+----------+-------------------------------------------
     0 | D:1      | tizbic2 the Vine Stalker Artificer began the quest for the
                  | Orb.
     0 | D:1      | Reached XP level 1. HP: 9/9 MP: 2/2
   165 | D:1      | Reached skill level 1 in Fighting
   212 | D:1      | Reached XP level 2. HP: 11/14 MP: 3/3
   225 | D:1      | Reached skill level 1 in Dodging
   238 | D:1      | Found a faded altar of an unknown god.
   246 | D:1      | Prayed at the altar of an unknown god.
   246 | D:1      | Became a worshipper of the Wu Jian Council
   246 | D:1      | Reached * piety under Wu Jian
   358 | D:1      | Reached skill level 1 in Maces & Flails
  1286 | D:1      | Reached XP level 3. HP: 17/18 MP: 4/4
  1816 | D:2      | Noticed Sigmund
  1825 | D:2      | Killed Sigmund
  1826 | D:2      | Reached skill level 1 in Staves
  1826 | D:2      | Reached skill level 1 in Slings
  1826 | D:2      | Reached skill level 1 in Unarmed Combat
  1826 | D:2      | Gained mutation: Your natural rate of healing is unusually
                  | fast. [Vine Stalker growth]
  1826 | D:2      | Reached XP level 4. HP: 8/23 MP: 2/5
  1826 | D:2      | Reached XP level 5. HP: 9/26 MP: 2/6
  2111 | D:2      | Noticed Jessica
  2129 | D:2      | Killed Jessica
  2130 | D:2      | Reached XP level 6. HP: 21/30 MP: 4/7
  2300 | D:3      | Reached ** piety under Wu Jian
  2546 | D:3      | Found a glowing drain.
  2550 | Sewer    | Entered a sewer
  3249 | Sewer    | Reached XP level 7. HP: 25/35 MP: 6/8
  3589 | D:3      | Reached *** piety under Wu Jian
  4180 | D:4      | Reached skill level 1 in Spellcasting
  4827 | D:5      | Entered Level 5 of the Dungeon
  4874 | D:5      | Reached skill level 1 in Summonings
  5023 | D:5      | Gained mutation: You have razor-sharp teeth. [Vine Stalker
                  | growth]
  5023 | D:5      | Reached XP level 8. HP: 36/39 MP: 11/11
  5247 | D:5      | Identified the +2 ring mail of Insecurity {rN+}
  5953 | D:6      | Learned a level 3 spell: Call Canine Familiar
  6018 | D:6      | Found a staircase to the Ecumenical Temple.
  6349 | D:6      | Reached XP level 9. HP: 42/42 MP: 11/13
  6641 | D:7      | Found a flagged portal.
  6733 | Bailey   | Entered a bailey
  6999 | Bailey   | Reached **** piety under Wu Jian
  7129 | Bailey   | Noticed an orc knight
  7151 | Bailey   | Demolished by an orc knight

Illustrated notes

Levels and vault maps discovered:
D:1:      nicolae_arrival_washed_ashore, layout_basic,
          shapermc_ecumenical_altar_hornbeckon
D:2:      layout_loops_ring, minmay_misc_feat_cross, uniq_sigmund, uniq_jessica
D:3:      layout_loops_cross, gup_sewer_entry_spiral, serial_bayou_crossing
D:4:      layout_loops_corners, minmay_quantized
D:5:      layout_basic
D:6:      layout_basic, minmay_temple_entry_drinking_statues
D:7:      layout_loops_cross, enter_bailey_5, kennysheep_potato
Bailey:   bailey_polearm_nasty_gnolls, bailey

Skill      XL: |  1  2  3  4  5  6  7  8  9 |
---------------+----------------------------+-----
Fighting       | 1 2 |  2.1
Dodging        | 1 2 3 |  3.2
Maces & Flails | 1 |  1.5
Staves         | 1 2 3 4 |  4.1
Slings         | 1 2 3 |  3.2
Armour         | 2 3 4 |  4.3
Unarmed Combat | 1 2 3 |  3.2
Evocations     | 3 |  3.6
Spellcasting   | 1 2 |  2.8
Summonings     | 1 3 |  3.8
Stealth        | |  1.2

Action                   |  1- 3 |  4- 6 |  7- 9 || total
-------------------------+-------+-------+-------++-------
Melee: Club              |    78 |       |       ||    78
       Bite              |    21 |    21 |    49 ||    91
       Punch             |     1 |       |     1 ||     2
       Quarterstaff      |    13 |   109 |   139 ||   261
       Dagger            |       |       |    18 ||    18
       Halberd           |       |       |    34 ||    34
 Fire: Hunting sling     |     8 |    54 |    58 ||   120
Throw: Stone             |    15 |       |       ||    15
       Dart              |       |    11 |    37 ||    48
       Boomerang         |       |     7 |     6 ||    13
       Throwing net      |       |       |     2 ||     2
 Cast: Call Canine Famil |       |       |     5 ||     5
Invok: Lunge             |    10 |     5 |    22 ||    37
       Whirlwind         |     1 |       |    30 ||    31
       Serpent's Lash    |       |       |     1 ||     1
 Abil: Wall Jump         |       |    10 |    15 ||    25
Evoke: Wand              |    10 |     1 |     3 ||    14
       Piece from Xom's  |       |     1 |       ||     1
  Use: Scroll            |     1 |     2 |     7 ||    10
 Stab: Sleeping          |       |       |     4 ||     4
       Held in net/web   |       |       |     1 ||     1
       Distracted        |       |       |     1 ||     1
Armor: Leather armour    |    31 |    21 |     7 ||    59
       Ring mail         |       |       |    40 ||    40
Dodge: Dodged            |    65 |    65 |   108 ||   238
